 Dungeon Crawl Stone Soup version 0.31-a0-965-g8a8ce12e04 (webtiles) character file.

Game seed: 5252553454955927557

126 Dirtsage the Insei (level 5, 0/35 HPs)
             Began as an Octopode Shapeshifter on Oct 26, 2023.
             Slain by a giant cockroach (1 damage)
             ... on level 3 of the Dungeon.
             The game lasted 00:06:39 (2150 turns).

Dirtsage the Insei (Octopode Shapeshifter)          Turns: 2150, Time: 00:06:40

Health: 0/35       AC:  5    Str: 13    XL:     5   Next: 10%
Magic:  14/14      EV: 14    Int: 12    God:
Gold:   126        SH:  0    Dex: 14    Spells: 4/4 levels left

rFire   . .          .
                       - Unarmed
rCold   . . .        (no shield)
rNeg    . . .        (helmet currently unavailable)
rPois   .            g - amulet of magic regeneration
rElec   .            e - ring of magical power
rCorr   .            i - +4 ring of protection
SInv    .            (no ring)
Will    .....        (no ring)
Stlth   ++           (no ring)
HPRegen 0.25/turn    (no ring)
MPRegen 0.54/turn    (no ring)
                     (no ring)

%: no passive effects
@: brilliant, beast-form
A: beast (slay +2), almost no armour, amphibious, 8 rings, camouflage 1,
gelatinous body 1, (nimble swimmer 1), tentacles
a: Begin Untransformation


You were on level 3 of the Dungeon.
You were a hulking beast.
You visited 1 branch of the dungeon, and saw 3 of its levels.

You collected 126 gold pieces.

Inventory:

Magical Staves
 l - a staff of cold
Jewellery
 e - a ring of magical power (left tentacle)
 g - an amulet of magic regeneration (around mantle)
 i - a +4 ring of protection (right tentacle)
Talismans
 b - a beast talisman
 c - a flux talisman
Scrolls
 h - 4 scrolls of identify {unknown}
 j - a scroll of poison {unknown}
 m - a scroll of teleportation {unknown}
 o - a scroll of revelation {unknown}
 p - a scroll of blinking {unknown}
Potions
 a - a potion of lignification
 d - a potion of brilliance
 k - a potion of degeneration {unknown}
 n - a potion of heal wounds {unknown}
 q - a potion of curing


   Skills:
 + Level 2.4 Fighting
 + Level 3.0 Dodging
 + Level 3.8 Unarmed Combat
 + Level 3.7 Shapeshifting


You had 4 spell levels left.
You didn't know any spells.
Your spell library contained the following spells:

 Spells                   Type           Power      Damage    Failure   Level
 Ensorcelled Hibernation  Hex/Ice        0%         N/A       45%         2
 Passwall                 Tmut/Erth      0%         N/A       45%         2
 Swiftness                Air            0%         N/A       69%         3
 Tukima's Dance           Hex            0%         N/A       69%         3
 Passage of Golubria      Tloc           0%         N/A       97%         4
 Iskenderun's Battlesphe  Conj           0%         2d6       100%        5
 Yara's Violent Unravell  Hex/Tmut       0%         3d3       100%        5
 Bombard                  Conj/Erth      0%         9d1       100%        6
 Spellforged Servitor     Conj/Summ      0%         N/A       100%        7


Dungeon Overview and Level Annotations

Branches:
Dungeon (3/15)

Altars:
Elyvilon
Fedhas
Vehumet


Innate Abilities, Weirdness & Mutations

You are a hulking beast.
Your limbs bulge with bestial killing power. (Slay +2)
You cannot wear most types of armour.
You are amphibious.
You can wear up to eight rings at the same time.
Your skin changes colour to match your surroundings (Stealth+).
Your rubbery body absorbs attacks. (AC +1, EV +1)
((You are camouflaged when in or above water. (Stealth+)))
You have tentacles for arms and can constrict up to eight enemies at once.


Message History

* * * LOW HITPOINT WARNING * * *
The centaur kicks you but does no damage.
You take 2 damage, and have 3/35 hp.
It was a potion of brilliance.
You feel clever all of a sudden.
The centaur hits you but does no damage.
The centaur kicks you but does no damage.
The giant cockroach bites you but does no damage.
The centaur barely misses you. The centaur closely misses you.
The giant cockroach bites you but does no damage.
It was a potion of curing.
You feel better.
q - a potion of curing The centaur hits you.
* * * LOW HITPOINT WARNING * * *
The centaur kicks you.
* * * LOW HITPOINT WARNING * * *
The giant cockroach bites you.
* * * LOW HITPOINT WARNING * * *
You regained 2 hp, and now have 5/35 hp.
You barely miss the centaur.
The centaur is heavily wounded.
The centaur hits you but does no damage.
The centaur kicks you but does no damage.
The giant cockroach barely misses you. The centaur misses you.
The centaur kicks you but does no damage.
You tentacle-slap the centaur but do no damage.
You squeeze the centaur.
The centaur is severely wounded.
The giant cockroach barely misses you.
The centaur hits you but does no damage.
The centaur kicks you but does no damage.
You tentacle-slap the centaur but do no damage.
The centaur is severely wounded.
The centaur misses you. x2; The giant cockroach misses you.
You barely miss the centaur.
The centaur is severely wounded.
The centaur hits you.
* * * LOW HITPOINT WARNING * * *
The centaur misses you. The giant cockroach bites you.
You die...

#.# ## #.#.## #.# #.
#....#.### #.# #..
##))...... ####.## #..
#)##.#### ......####...
#.# ..
..<..........####.##.#.#
.......#.............# #
.......#.....#.#######
.......#.......Bhc...#
.......#..##...#.###..P.
.......# #........P. ~
......... ##...#.#...
...♣♣♣♣#. .......P..P
.♣♣♣ ##..##.##... ♣♣
.... .. .P #..## ..# #..
.#


You could see a centaur and a giant cockroach.

Vanquished Creatures
  An orc wizard (D:3)
  3 adders (D:2)
  2 worms (D:2)
  A dart slug (D:2)
  6 orcs (D:3)
  A bat (D:1)
  4 endoplasms
  A giant cockroach (D:2)
  2 hobgoblins
  4 jackals (D:1)
  5 quokkas
  10 ball pythons
  2 goblins
  8 kobolds
  8 rats
58 creatures vanquished.

Notes
Turn   | Place    | Note
-------+----------+-------------------------------------------
     0 | D:1      | Dirtsage the Octopode Shapeshifter began the quest for the
                  | Orb.
     0 | D:1      | Reached XP level 1. HP: 13/13 MP: 1/1
   327 | D:1      | Reached XP level 2. HP: 12/18 MP: 2/2
   922 | D:2      | Reached XP level 3. HP: 15/23 MP: 3/3
  1351 | D:2      | Reached XP level 4. HP: 29/29 MP: 4/4
  1731 | D:3      | Found a white marble altar of Elyvilon.
  1733 | D:3      | Found a blossoming altar of Fedhas.
  1773 | D:3      | Found a radiant altar of Vehumet.
  2132 | D:3      | Reached XP level 5. HP: 28/35 MP: 5/5
  2137 | D:3      | Noticed a centaur
  2150 | D:3      | HP: 1/35 [centaur (5)]
  2150 | D:3      | Slain by a giant cockroach

Illustrated notes

Levels and vault maps discovered:
D:1:      nagdon_arrival_double_spiral, layout_loops_ring
D:2:      layout_loops_ring, minmay_stone_trees_medium, minmay_pentomino_s4
D:3:      layout_basic, mainiacjoe_overflow_brackets,
          nicolae_overflow_hidden_temple, gup_sewer_entry_spiral,
          hellmonk_ecumenical_altar_prayer_group, serial_bayou_pond_a,
          hellmonk_no_cap

Skill      XL: |  1  2  3  4 |
---------------+-------------+-----
Fighting       | 2 |  2.4
Dodging        | 3 |  3.0
Unarmed Combat | |  3.8
Shapeshifting  | |  3.7

Action                     |  1- 3 |  4- 6 || total
---------------------------+-------+-------++-------
  Melee: Unarmed           |    72 |    44 ||   116
         Constrict         |    20 |     9 ||    29
         Tentacles         |    16 |     6 ||    22
         Punch             |     1 |     2 ||     3
    Use: Potion            |       |     2 ||     2
   Stab: Sleeping          |     4 |     5 ||     9
         Distracted        |     1 |       ||     1
 Armour: Skin              |    19 |    38 ||    57
  Dodge: Dodged            |    36 |    36 ||    72

Table legend: (Time is in decaauts)
 A = Elapsed time spent in this place.
 B = Non-inter-level travel time spent in this place.
 C = Inter-level travel time spent in this place.
 D = Time resting spent in this place.
 E = Time spent auto-exploring this place.
 F = Levels seen in this place.
 G = Mean time per level.
                   A        B        C        D        E       F      G
               +--------+--------+--------+--------+--------+-----+--------+
         Total |   2140 |   2055 |     85 |      0 |   1664 |   3 |  713.3 |
       Dungeon |   2140 |   2055 |     85 |      0 |   1664 |   3 |  713.3 |
               +--------+--------+--------+--------+--------+-----+--------+

Top non-repeatable levels by time:
     D:1: 863 daAuts
     D:2: 856 daAuts
     D:3: 421 daAuts
